 Dungeon Crawl Stone Soup version 0.22.0-16-gc6d26f6 (webtiles) character file.

93 mopl the Poker (level 4, -2/35 HPs)
             Began as a Merfolk Gladiator on Aug 17, 2018.
             Killed by divine providence
             ... invoked by an orc priest
              (10 damage)
             ... on level 3 of the Dungeon.
             The game lasted 00:01:47 (1219 turns).

mopl the Poker (Merfolk Gladiator)                  Turns: 1219, Time: 00:01:48

Health: -2/35      AC:  5    Str: 15    XL:     4   Next: 61%
Magic:  4/4        EV: 13    Int:  7    God:
Gold:   87         SH:  0    Dex: 15    Spells: 3/3 levels left

rFire    . . .     SeeInvis .   a - +0 trident
rCold    + . .     Gourm    .   (no shield)
rNeg     . . .     Faith    .   y - +0 leather armour {rC+}
rPois    .         Spirit   .   c - +0 helmet
rElec    .         Reflect  .   (no cloak)
rCorr    .         Harm     .   u - +0 pair of gloves
MR       +....                  (no boots)
Stlth    +.........             (no amulet)
HPRegen  0.11/turn              j - ring of protection from magic
MPRegen  0.09/turn              (no ring)

@: heavily drained
A: change form in water, swift swim, stealthy swim
a: no special abilities


You were on level 3 of the Dungeon.
You were not hungry.

You visited 1 branch of the dungeon, and saw 3 of its levels.

You collected 87 gold pieces.

Inventory:

Hand Weapons
 a - a +0 trident (weapon)
Missiles
 d - 2 throwing nets (quivered)
 k - 24 stones
 r - 7 poisoned needles
Armour
 c - a +0 helmet (worn)
 u - a +0 pair of gloves (worn)
 y - a +0 leather armour of cold resistance (worn)
Jewellery
 j - a ring of protection from magic (left hand)
Wands
 t - a wand of iceblast (7)
Scrolls
 b - a scroll of enchant weapon {unknown}
 e - 2 scrolls of blinking {unknown}
 g - a scroll of noise {unknown}
 l - 2 scrolls of remove curse {unknown}
 p - a scroll of identify {unknown}
 q - a scroll of immolation {unknown}
 s - a scroll of fear {unknown}
Potions
 h - a potion of might {unknown}
 i - 2 potions of brilliance {unknown}
 m - 3 potions of berserk rage {unknown}
 n - a potion of magic {unknown}
 o - a potion of curing
 v - 2 potions of agility
 w - a potion of haste {unknown}
 x - a potion of flight {unknown}
Comestibles
 f - 3 rations


   Skills:
 + Level 3.0(1.8) Fighting
 * Level 5.8(4.6) Polearms
 + Level 2.7(1.6) Throwing
 + Level 1.1(0.0) Armour
 - Level 4.0(2.8) Dodging


You had 3 spell levels left.
You didn't know any spells.
Your spell library was empty.

Dungeon Overview and Level Annotations

Branches:
Dungeon (3/15)

Altars:


Message History

Attack whom?
Press: ? - help, Dir - move target cursor, f/p - orc
Aim: an orc, wielding a trident You reach to attack!
You closely miss the orc.
The orc hits you from afar with a trident!
Attack whom?
Press: ? - help, Dir - move target cursor, f/p - orc
Aim: an orc, wielding a trident You reach to attack!
You hit the orc.
The orc is heavily wounded.
The orc hits you from afar with a trident.
You are too injured to fight recklessly!
You are too injured to fight recklessly!
You are too injured to fight recklessly!
The orc priest calls down the wrath of Beogh upon you.
Beogh smites you!
* * * LOW HITPOINT WARNING * * *
The orc priest calls down the wrath of Beogh upon you.
Beogh smites you!
You die...

#. #.# ###.# #.# ....
#.# ... #.# .o## #.# o<#
#.# #.# #.#
#.####################.#
#.†...oo..o.@......[...#
######################.#
#.# #.# ###


You could see an orc priest and 2 orcs.

Vanquished Creatures
  Jessica (D:2)
  Ijyb (D:3)
  An adder (D:2)
  An ooze (D:2)
  A worm (D:2)
  An orc (D:3)
  A giant cockroach (D:1)
  6 hobgoblins
  2 jackals (D:2)
  3 bats
  2 frilled lizards (D:2)
  4 goblins
  3 rats
27 creatures vanquished.

Notes
Turn   | Place    | Note
-------+----------+-------------------------------------------
     0 | D:1      | mopl the Merfolk Gladiator began the quest for the Orb.
     0 | D:1      | Reached XP level 1. HP: 16/16 MP: 1/1
   312 | D:1      | Reached XP level 2. HP: 23/23 MP: 2/2
   636 | D:2      | Reached skill level 5 in Polearms
   665 | D:2      | Reached XP level 3. HP: 28/28 MP: 3/3
   753 | D:2      | Noticed Jessica
   757 | D:2      | Killed Jessica
   832 | D:2      | Reached XP level 4. HP: 31/34 MP: 4/4
   929 | D:2      | Reached skill level 1 in Armour
  1147 | D:3      | Noticed Ijyb
  1170 | D:3      | Killed Ijyb
  1170 | D:3      | Reached skill level 3 in Fighting
  1219 | D:3      | Killed from afar by an orc priest

Skill      XL: |  1  2  3  4 |
---------------+-------------+-----
Polearms       | 5 |  5.8
Armour         | 1 |  1.1
Fighting       | 3 |  3.0
Throwing       | |  2.7
Dodging        | |  4.0

Action                   |  1- 3 |  4- 6 || total
-------------------------+-------+-------++-------
Melee: Trident           |    50 |    43 ||    93
Throw: Throwing net      |       |     1 ||     1
 Stab: Sleeping          |     3 |       ||     3
  Eat: Chunk             |       |     1 ||     1
Armor: Leather armour    |     6 |     6 ||    12
Dodge: Dodged            |    20 |    15 ||    35
